 Dungeon Crawl Stone Soup version 0.30.1 (webtiles) character file.

Game seed: 17787348552259631325

58 monsoonserge the Cudgeller (level 4, -3/27 HPs)
             Began as a Gargoyle Reaver on July 9, 2023.
             Slain by a hobgoblin (4 damage)
             ... led by Robin
             ... on level 2 of the Dungeon.
             The game lasted 00:03:55 (1066 turns).

monsoonserge the Cudgeller (Gargoyle Reaver)        Turns: 1066, Time: 00:03:55

Health: -3/27      AC:  6    Str: 17    XL:     4   Next: 1%
Magic:  7/7        EV: 11    Int: 14    God:
Gold:   98         SH:  3    Dex:  8    Spells: 6/7 levels left

rFire   . . .        d - +0 flail
rCold   . . .        f - +0 buckler
rNeg    + . .        b - +0 leather armour
rPois   ∞            (no helmet)
rElec   +            (no cloak)
rCorr   .            (no gloves)
SInv    .            (no boots)
Will    .....        (no amulet)
Stlth   +            (no ring)
HPRegen 0.24/turn    (no ring)
MPRegen 0.10/turn

%: no passive effects
@: no status effects
A: sickness immunity, AC +3, negative energy resistance 1, electricity
resistance, torment resistance 1, petrification resistance
a: no special abilities


You were on level 2 of the Dungeon.
You visited 1 branch of the dungeon, and saw 2 of its levels.

You collected 98 gold pieces.

Inventory:

Hand Weapons
 a - a +0 mace
 d - a +0 flail (weapon)
Armour
 b - a +0 leather armour (worn)
 e - a +0 ring mail
 f - a +0 buckler (worn)
Scrolls
 i - a scroll of identify {unknown}
 l - 2 scrolls of magic mapping {unknown}
 m - a scroll of fear {unknown}
Potions
 c - a potion of haste {unknown}
 g - a potion of heal wounds {unknown}
 h - 2 potions of resistance {unknown}
 j - a potion of degeneration {unknown}
 k - 2 potions of lignification {unknown}


   Skills:
 + Level 2.4 Fighting
 + Level 3.8 Maces & Flails
 * Level 0.9 Armour
 + Level 2.0 Dodging
 * Level 0.6 Shields
 - Level 2.0 Spellcasting
 + Level 3.7 Conjurations


You had 6 spell levels left.
You knew the following spells:

 Your Spells              Type           Power      Damage    Failure   Level
a - Kiss of Death         Conj/Necr      24%        2d7       19%         1

Your spell library contained the following spells:

 Spells                   Type           Power      Damage    Failure   Level
 Magic Dart               Conj           44%        1d5       9%          1
 Momentum Strike          Conj/Tloc      12%        3d8       26%         2
 Hailstorm                Conj/Ice       6%         3d4       47%         3
 Call Imp                 Summ           2%         N/A       50%         2
 Ensorcelled Hibernation  Hex/Ice        2%         N/A       50%         2
 Passwall                 Tmut/Erth      0%         N/A       50%         2
 Mephitic Cloud           Conj/Pois/Air  4%         N/A       56%         3
 Swiftness                Air            1%         N/A       75%         3


Dungeon Overview and Level Annotations

Branches:
Dungeon (2/15)

Altars:

Annotations:
D:2 Robin


Innate Abilities, Weirdness & Mutations

You are immune to sickness and miasma.
Your stone body is resilient. (AC +3)
You are immune to poison.
You resist negative energy. (rN+)
You are resistant to electric shocks. (rElec)
You are resistant to unholy torment.
You are immune to petrification.


Message History

The goblins go into a battle-frenzy!
You hear a shout!
You hit the hobgoblin but do no damage.
The hobgoblin hits you but does no damage.
Robin throws the goblin at you! The goblin barely misses you. x2
You closely miss the goblin. The hobgoblin hits you.
You block the goblin's attack. The goblin hits you with a +0 club.
The goblin hits you but does no damage. x2; You block the hobgoblin's attack.
You barely miss the goblin.
A goblin comes into view. It is wielding a +0 club.
You block the hobgoblin's attack. The goblin barely misses you.
Robin says, "Kneel, worm!"
The goblin hits you but does no damage.
You closely miss the goblin. You block the hobgoblin's attack.
You block the goblin's attack. The goblin hits you with a +0 club.
You hit the goblin but do no damage.
A goblin comes into view. It is wielding a +0 dagger.
The hobgoblin hits you.
The goblin hits you but does no damage. x2
The goblin barely misses you. The goblin hits you with a +0 club.
* * * LOW HITPOINT WARNING * * *
The hobgoblin hits you but does no damage.
You closely miss the goblin.
The goblin shouts!
The hobgoblin closely misses you. The goblin hits you with a +0 club.
* * * LOW HITPOINT WARNING * * *
The goblin completely misses you.
You closely miss the goblin. The hobgoblin barely misses you.
The goblin hits you with a +0 club.
* * * LOW HITPOINT WARNING * * *
The goblin closely misses you.
Unknown command.
You hit the goblin.
You kill the goblin!
The hobgoblin hits you.
* * * LOW HITPOINT WARNING * * *
The goblin misses you.
You have reached level 4!
You feel clever. The hobgoblin attacks as you move away!
The hobgoblin hits you.
You die...

.............###
........##.......
#....... #(##.###
#.....# ##.##.#
.....###...#.###
.........)......
###.####.#...#.###
#g)............#
#@#.####.#######
#g#.# #.# #g#.#
#.# gg#<# #.#
###.####.#
#......# ########


You could see Robin, a hobgoblin (strong) and 3 goblins.

Vanquished Creatures
  A gnoll (D:1)
  2 worms (D:2)
  2 dart slugs (D:1)
  6 endoplasms (D:1)
  2 giant cockroaches (D:1)
  7 goblins
  5 hobgoblins
  3 kobolds
  3 ball pythons (D:1)
  3 frilled lizards
  3 rats (D:1)
37 creatures vanquished.

Notes
Turn   | Place    | Note
-------+----------+-------------------------------------------
     0 | D:1      | monsoonserge the Gargoyle Reaver began the quest for the
                  | Orb.
     0 | D:1      | Reached XP level 1. HP: 12/12 MP: 3/3
    46 | D:1      | Reached XP level 2. HP: 14/17 MP: 5/5
   235 | D:1      | Reached XP level 3. HP: 22/22 MP: 6/6
  1056 | D:2      | Noticed Robin
  1064 | D:2      | HP: 1/22 [goblin/+0 club[Robin] (2)]
  1066 | D:2      | Reached XP level 4. HP: 1/27 MP: 7/7
  1066 | D:2      | Slain by a hobgoblin

Illustrated notes

Levels and vault maps discovered:
D:1:      saegor_arrival_simple_e, layout_basic
D:2:      layout_loops_ring, serial_glass, glass_columns_b, glass_columns_a,
          uniq_jessica, uniq_robin, uniq_natasha, uniq_terence

Skill      XL: |  1  2  3 |
---------------+----------+-----
Dodging        | 2 |  2.0
Fighting       | |  2.4
Maces & Flails | |  3.8
Armour         | |  0.9
Shields        | |  0.6
Spellcasting   | |  2.0
Conjurations   | |  3.7

Action                     |  1- 3 |  4- 6 || total
---------------------------+-------+-------++-------
  Melee: Flail             |   107 |       ||   107
         Mace              |     1 |       ||     1
 Armour: Leather armour    |    36 |       ||    36
  Dodge: Dodged            |    59 |       ||    59
  Block: Buckler           |    13 |       ||    13
